Match 46585704
Unlisted

Match 46585704
End
Construct Barracks
Selects Special Operations Battlegroup
Selects M29 Weasel Recon Vehicle
M29 Weasel Recon Vehicle
Riflemen Squad
Riflemen Squad
Construct Weapon Support Center
Engineer Squad
Mechanized Support Center
M3 Armored Personnel Carrier
Riflemen Squad
.30 cal Machine Gun
Selects Raiding Flares
M1919 Machine Gun Team
Grenade Package
M3 Armored Personnel Carrier
Engineer Squad
Construct Medical Station
Selects SSF Commando Squad
Selects Mark Vehicle
Construct Motor Pool
M3 Armored Personnel Carrier
Forward Retreat Point
TheArrow
m4rk
series
우쭈쭈
Clownfish
Feuerteufel
Mr.Wagner
Kray-Tos
0
0

Comments sign in to comment!

No comments posted yet!